 Dungeon Crawl Stone Soup version 0.28-a0-1286-g6bde065e89 (webtiles) character file.

Game seed: 17816787885215739079

307348 shoop the Warrior (level 20, -14/181 HPs)
             Began as a Palentonga Abyssal Knight on Dec 27, 2021.
             Was the Champion of Lugonu.
             Demolished by a vault warden (15 damage)
             ... on level 3 of the Vaults on Dec 28, 2021.
             The game lasted 03:44:50 (59847 turns).

shoop the Warrior (Palentonga Abyssal Knight)      Turns: 59847, Time: 03:44:52

Health: -14/181    AC: 28    Str: 21    XL:     20   Next: 32%
Magic:  31/34      EV:  9    Int: 15    God:    Lugonu [******]
Gold:   3150       SH: 11    Dex: 15    Spells: 17/39 levels left

rFire   + + +      SeeInvis +   a - +9 broad axe (distort)
rCold   + + .      Faith    .   t - +0 kite shield {AC+3}
rNeg    . . .      Spirit   .   H - +3 leather armour {rC+}
rPois   +          Reflect  .   G - +2 hat
rElec   +          Harm     .   W - +1 cloak {rPois}
rCorr   .          Rampage  .   X - +2 pair of gloves {Stlth+}
Will    +....                   g - +2 barding {rF+}
Stlth   +++.......              Q - amulet "Lifraf" {Acrobat Int+2}
HPRegen 0.40/turn               f - ring "Fuloaw" {rF++ Slay+4}
MPRegen 0.24/turn               P - ring "Silygge" {Wiz rElec rC+ Dex+4}

@: corroded, slowed, constricted, studying 2 skills, silenced, curled up, very
slow
A: large, rugged brown scales 3, see invisible, deformed body, roll 1, armoured
tail, reflexive curl, clumsy 1
}: 2/15 runes: serpentine, gossamer
a: Rolling Charge, Renounce Religion


You were on level 3 of the Vaults.
You worshipped Lugonu.
Lugonu was exalted by your worship.
You visited 8 branches of the dungeon, and saw 36 of its levels.
You visited the Abyss 2 times.
You also visited: Sewer, Bailey, Gauntlet, Ice Cave and Desolation.

You collected 4164 gold pieces.
You spent 1014 gold pieces at shops.

Inventory:

Hand Weapons
 a - a +9 broad axe of distortion (weapon)
 b - the +5 broad axe "Vyoxtoqa" {vorpal, rF+++ Will++ Int-3 Stlth+}
   (You found it in an ice cave)

   It inflicts extra damage upon your enemies.
   Int:       It affects your intelligence (-3).
   rF:        It renders you almost immune to fire.
   Will:      It greatly increases your willpower.
   Stlth:     It makes you more stealthy.
Missiles
 i - 50 javelins
 B - 7 throwing nets
Armour
 g - a +2 barding of fire resistance (worn)
 t - a +0 kite shield of protection (worn)
 G - a +2 hat (worn)
 H - a +3 leather armour of cold resistance (worn)
 O - a +2 barding of flying
 W - a +1 cloak of poison resistance (worn)
 X - a +2 pair of gloves of stealth (worn)
Jewellery
 f - the ring "Fuloaw" (left hand) {rF++ Slay+4}
   (You found it in the Desolation of Salt)

   [ring of slaying]

   Slay:      It affects your accuracy & damage with ranged weapons and melee
   (+4).
   rF:        It greatly protects you from fire.
 P - the ring "Silygge" (right hand) {Wiz rElec rC+ Dex+4}
   (You found it in the Desolation of Salt)

   [ring of wizardry]

   It improves your spell success rate.
   Dex:       It affects your dexterity (+4).
   rC:        It protects you from cold.
   rElec:     It insulates you from electricity.
 Q - the amulet "Lifraf" (around neck) {Acrobat Int+2}
   (You found it in a Gauntlet)

   [amulet of the acrobat]

   It increases your evasion while moving and waiting.
   Int:       It affects your intelligence (+2).
Wands
 q - a wand of iceblast (33)
 s - a wand of mindburst (19)
 w - a wand of charming (9)
 y - a wand of acid (5)
 C - a wand of flame (15)
 K - a wand of paralysis (13)
 R - a wand of digging (19)
Scrolls
 c - 7 scrolls of vulnerability
 h - 15 scrolls of teleportation
 j - 4 scrolls of silence
 o - a scroll of acquirement
 v - a scroll of amnesia
 x - 9 scrolls of enchant armour
 z - 5 scrolls of fog
 A - 11 scrolls of magic mapping
 J - 4 scrolls of fear
 T - 4 scrolls of brand weapon
 U - 2 scrolls of blinking
 V - 2 scrolls of summoning
 Z - 3 scrolls of holy word
Potions
 d - 4 potions of brilliance
 e - 7 potions of curing
 k - 11 potions of flight
 l - 4 potions of resistance
 m - 3 potions of heal wounds
 n - 8 potions of haste
 p - 12 potions of attraction
 u - 3 potions of invisibility
 D - 5 potions of magic
 E - 7 potions of might
 I - 4 potions of lignification
 M - 2 potions of ambrosia
 N - 6 potions of cancellation
 S - 2 potions of berserk rage
Miscellaneous
 r - a tin of tremorstones (1/2)
 F - a phial of floods
 L - a phantom mirror
 Y - a condenser vane


   Skills:
 - Level 18.0 Fighting
 - Level 17.9(18.0) Axes
 - Level 0.1(10.8) Polearms
 - Level 5.3 Armour
 - Level 10.0 Dodging
 - Level 3.1 Stealth
 - Level 9.7 Shields
 - Level 10.0 Spellcasting
 - Level 8.9 Hexes
 + Level 12.2 Translocations
 - Level 9.0 Transmutations
 - Level 3.0 Earth Magic
 - Level 13.0 Invocations
 - Level 7.0 Evocations


You had 17 spell levels left.
You knew the following spells:

 Your Spells              Type           Power      Damage    Failure   Level
a - Yara's Violent Unrav  Hex/Tmut       17%        3d8       3%          5
b - Passage of Golubria   Tloc           44%        N/A       1%          4
c - Manifold Assault      Tloc           44%        N/A       1%          5
d - Dispersal             Tloc           22%        N/A       4%          6
p - Passwall              Tmut/Erth      20%        N/A       1%          2

Your spell library contained the following spells:

 Spells                   Type           Power      Damage    Failure   Level
 Apportation              Tloc           88%        N/A       1%          1
 Sandblast                Erth           32%        2d9       1%          1
 Blink                    Tloc           88%        N/A       1%          2
 Ensorcelled Hibernation  Hex/Ice        40%        N/A       1%          2
 Gell's Gravitas          Tloc           44%        N/A       1%          3
 Teleport Other           Tloc           44%        N/A       1%          3
 Tukima's Dance           Hex            34%        N/A       1%          3
 Cause Fear               Hex            17%        N/A       1%          4
 Dazzling Flash           Conj/Hex       40%        N/A       2%          3
 Inner Flame              Hex/Fire       20%        N/A       2%          3
 Summon Guardian Golem    Hex/Summ       20%        N/A       2%          3
 Iskenderun's Mystic Bla  Conj/Tloc      25%        2d7       3%          4
 Animate Skeleton         Necr           14%        N/A       4%          1
 Foxfire                  Conj/Fire      28%        2x1d5     4%          1
 Freeze                   Ice            28%        1d5       4%          1
 Summon Small Mammal      Summ           28%        N/A       4%          1
 Leda's Liquefaction      Hex/Erth       12%        N/A       4%          4
 Poisonous Vapours        Pois/Air       14%        N/A       7%          2
 Scorch                   Fire           14%        2d6       7%          2
 Static Discharge         Conj/Air       7%         N/A       7%          2
 Stone Arrow              Conj/Erth      24%        3d8       8%          3
 Call Canine Familiar     Summ           7%         N/A       13%         3
 Conjure Flame            Conj/Fire      7%         6-21      13%         3
 Frozen Ramparts          Ice            14%        1d3       13%         3
 Summon Mana Viper        Hex/Summ       20%        N/A       21%         5
 Lee's Rapid Deconstruct  Erth           8%         3d8*      32%         5
 Dispel Undead            Necr           7%         3d8       38%         4
 Flame Wave               Conj/Fire      7%         2d4       38%         4
 Hailstorm                Conj/Ice       7%         3d4       38%         4
 Sticky Flame             Conj/Fire      7%         2d3       38%         4
 Summon Ice Beast         Ice/Summ       7%         N/A       38%         4
 Statue Form              Tmut/Erth      16%        N/A       47%         6
 Dragon Form              Tmut           17%        N/A       65%         7
 Enfeeble                 Hex            17%        N/A       65%         7
 Freezing Cloud           Conj/Ice/Air   3%         6-21      73%         5
 Disjunction              Tloc           22%        N/A       86%         8
 Conjure Ball Lightning   Conj/Air       3%         3x3d6     99%         6
 Storm Form               Tmut/Air       10%        N/A       99%         7
 Discord                  Hex            17%        N/A       99%         8
 Monstrous Menagerie      Summ           3%         N/A       100%        7
 Chain Lightning          Conj/Air       3%         3d4       100%        9
 Dragon's Call            Summ           3%         N/A       100%        9
 Fire Storm               Conj/Fire      3%         8d1       100%        9
 Shatter                  Erth           8%         3d10*     100%        9


Dungeon Overview and Level Annotations

Branches:
Dungeon (15/15)            Temple (0/1) D:6            Lair (6/6) D:8
  Snake (4/4) Lair:3       Spider (4/4) Lair:4          Orc (2/2) D:11
    Elf (0/3) Orc:2        Vaults (3/5) D:14          Crypt (1/3) Vaults:3
 Depths (1/4) D:15          Sewer (visited)          Bailey (visited)
  IceCv (visited)         Desolation (visited)      Gauntlet (visited)
  Slime: Lair:5-6

Altars:
Elyvilon
Fedhas
Gozag
Hepliaklqana
Kikubaaqudgha
Nemelex Xobeh
Okawaru
Qazlal
Ru
Trog
Vehumet
Yredelemnul
Zin
The Shining One
Beogh

Shops:
D:6 *   D:8 [   D:15 !:(   Orc:2 *(:[   Snake:2 =   Snake:3 ?*   Vaults:2 (!(!*
Vaults:3 [:(*=

Annotations:
D:7 exclusions: door and ogre
Lair:4 exclusions: fungus, hydra and yak
Lair:6 exclusion: 2 oklob plants
Snake:2 3 runed translucent doors, exclusion: obsidian statue, oldriver's ghost, adept DECj
Snake:4 corrupted
Spider:2 1 exclusion
Spider:4 corrupted
Vaults:3 corrupted
Abyss:1 Louise


Innate Abilities, Weirdness & Mutations

You are completely covered in rugged brown scales. (AC +3, +7% HP)
You have supernaturally acute eyesight. (SInv)
Armour fits poorly on your strangely shaped body.
You can roll at nearby foes to attack.
You have a long armoured tail.
You curl defensively after being hit. (AC +7*)
You are clumsy. (Dex -2)


Message History

* * * LOW HITPOINT WARNING * * *
You block the golden dragon's attack.
The tentacled monstrosity tentacle-slaps you but does no damage.
The tentacled monstrosity barely misses you.
The tentacled monstrosity tentacle-slaps you but does no damage.
The tentacled monstrosity constricts you.
* * * LOW HITPOINT WARNING * * *
The deep elf demonologist hits something with a +0 rapier!
Unknown command.
The tentacled monstrosity's grasp on you weakens, but your attempt to escape fails.
The deep elf demonologist burns!
The vault warden seems less confused.
The sun demon hits the frost giant!!
The frost giant is engulfed in flames!
The small abomination hits you!
* * * LOW HITPOINT WARNING * * *
The frost giant hits the sun demon with a +1 battleaxe of freezing!!
The frost giant freezes the sun demon!
The frost giant hits you but does no damage.
The vault warden barely misses you.
The phantasmal warrior misses the sun demon.
Something hits the deep elf demonologist.
Something misses the deep elf demonologist.
Something hits the deep elf demonologist.
The deep elf demonologist dies!
The golden dragon bites you but does no damage.
The golden dragon claws you.
* * * LOW HITPOINT WARNING * * *
The golden dragon barely misses you.
You block the tentacled monstrosity's attack.
The tentacled monstrosity tentacle-slaps you but does no damage. x2
The tentacled monstrosity constricts you!
* * * LOW HITPOINT WARNING * * *
The vault sentinel hits the tentacled monstrosity with a +0 falchion!
The sun demon hits the frost giant!!
The frost giant is engulfed in flames!
The frost giant dies!
The will-o-the-wisp gestures.
The will-o-the-wisp conjures some foxfire!
The small abomination misses you.
The vault sentinel writhes in pain as voices assail its mind.
The vault warden hits you from afar with a +0 halberd!
You die...

...# #..#.#..##### ..##
#............ ### #####........
#########################+#+###+#
..#.....#..#..............#......
.....#....+#...XW.+++++...#......
.#.....#.[.+[.ER++++#+++..#^.....
...#.....#.#[+#x##vv+' +..'......
####'#######+++#@Xpv# +..#......
#........# #++#1D)pW.+ ++.#....#.
#........# #.X'##)3#++ +..####...
#........# #.'++ )G}.s +..# #.∩.
#∩.[<....# #.'++ .p.?+ +..# #...
#........# #..++++++++ +..# #.#.
#........# #..++ ++ + +..# #...
#........# #..+++++++++++.# ####
#........# #..+...+.......#


You could see a tentacled monstrosity, a golden dragon (unsilenced), a vault
warden, 2 vault sentinels, a phantasmal warrior (unsilenced, confused), a
neutral starcursed mass (summoned), a neutral Hell Sentinel (summoned,
unsilenced), a neutral rakshasa (summoned, unsilenced), a neutral glowing orange
brain (summoned, unsilenced), a neutral sun demon (summoned), a neutral large
abomination (summoned), a neutral earth elemental (summoned), a neutral
will-o-the-wisp (summoned, unsilenced) and a neutral small abomination
(summoned, wandering).

Vanquished Creatures
  Jorgrun (Orc:1)
  2 sphinxes
  3 tentacled starspawn (Abyss:3)
  A tengu reaver (Vaults:3)
  Donald (Spider:3)
  Kirke (D:13)
  2 nagarajas (Snake:4)
  2 ghost moths
  A deep elf sorcerer (Abyss:3)
  An orc warlord (Vaults:3)
  2 emperor scorpions
  5 vault wardens
  Aizul (Spider:3)
  2 angels (Vaults:3)
  A war gargoyle (Vaults:2)
  11 ironbound preservers
  4 very ugly things (Vaults:2)
  A deep elf elementalist (Abyss:3)
  3 ironbound thunderhulks
  A broodmother (Spider:1)
  2 dire elephants (Vaults:2)
  4 entropy weavers
  A halazid warlock (Desolation)
  3 spark wasps
  3 crystal guardians
  2 blizzard demons (IceCv)
  2 jiangshi (Vaults:3)
  An eidolon (Vaults:3)
  4 yaktaur captains
  Harold (Orc:1)
  10 naga warriors
  3 great orbs of eyes
  7 vault guards (Vaults:1)
  9 hydras
  8 ragged hierophants (Desolation)
  2 salamander tyrants (Snake:4)
  3 boulder beetles
  3 rakshasas
  7 servants of whispers (Desolation)
  A death knight (D:12)
  12 anacondas
  13 peacekeepers
  4 centaur warriors
  6 ironbound frosthearts
  An anaconda (shapeshifter) (Gauntlet)
  A radroach (Spider:3)
  5 death yaks (Lair:5)
  The ghost of bearlyready the Fighter, a novice DsAr of Yredelemnul (D:9)
  Erica (Orc:1)
  2 two-headed ogres
  9 naga sharpshooters
  Urug (Orc:2)
  A tengu warrior (D:10)
  2 orc high priests (Orc:2)
  5 shock serpents
  Nergalle (Orc:1)
  2 wretched stars (Abyss:3)
  7 skeletal warriors
  3 salamander mystics (Snake:4)
  A fire crab (shapeshifter) (Gauntlet)
  3 sun moths
  A glowing orange brain (D:15)
  5 pharaoh ants
  9 orb spiders
  21 deep trolls
  A bog body (IceCv)
  6 lindwurms
  2 starcursed masses (Abyss:3)
  3 spriggan simulacra (IceCv)
  An obsidian statue (IceCv)
  3 naga ritualists
  12 ironbound convokers
  7 wizards
  12 mana vipers
  2 deep elf pyromancers
  10 wolf spiders
  A faun (shapeshifter) (Vaults:3)
  4 orc sorcerers
  20 ugly things
  7 orc knights
  A worldbinder (Abyss:3)
  8 cyclopes
  7 salamanders
  6 manticores
  10 elephants
  5 guardian serpents
  A moth of wrath (Spider:4)
  22 black mambas
  8 vault sentinels
  5 torpor snails
  A molten gargoyle (Desolation)
  25 cane toads
  2 apocalypse crabs
  5 demonic crawlers
  11 naga magi
  A rime drake (Lair:5)
  A kobold demonologist (D:14)
  2 ice statues (Spider:1)
  6 komodo dragons
  A freezing wraith (D:15)
  3 ancient zymes (Abyss:3)
  11 yaktaurs
  8 entropy weaver simulacra (IceCv)
  A hellwing (Abyss:3)
  8 ice devils (IceCv)
  3 meliai (D:14)
  6 trolls
  70 saltlings (Desolation)
  21 tarantellas
  5 polar bears
  16 blink frogs
  10 slime creatures
  4 hornets
  4 tyrant leeches (Lair:6)
  14 dream sheep
  4 raiju (Abyss:3)
  20 jumping spiders
  12 culicivoras
  2 vampires (D:11)
  2 shadows
  61 yaks
  8 wyverns
  3 dire elephant simulacra (IceCv)
  3 wraiths
  A ynoxinul (Abyss:3)
  8 basilisks
  6 large abominations
  10 vampire mosquitoes
  3 golden eyes (Abyss:3)
  A steam dragon (D:8)
  A chaos spawn (Abyss:3)
  6 wargs
  49 redbacks
  7 minotaur simulacra (IceCv)
  25 water moccasins
  2 harpy simulacra (IceCv)
  4 hydra simulacra (IceCv)
  21 nagas
  34 orc warriors
  2 black bears
  An ice beast (D:8)
  A sky beast (D:8)
  3 alligator simulacra (IceCv)
  A tengu (shapeshifter) (Gauntlet)
  4 boggarts (D:15)
  5 ogres
  21 wolves
  19 centaurs
  2 kobold brigands (Sewer)
  19 bullfrogs
  3 scorpions
  6 deep troll simulacra (IceCv)
  A gnoll sergeant (D:10)
  An earth elemental (Abyss:3)
  A wyvern zombie (D:8)
  7 killer bees
  10 small abominations
  A lindwurm simulacrum (IceCv)
  6 wights
  A vampire bat (Orc:1)
  An electric eel (Lair:6)
  3 quasits (Abyss:3)
  A centaur zombie (D:9)
  3 hounds
  11 orc priests
  A gnoll shaman (D:9)
  A centaur skeleton (D:7)
  Ijyb (D:3)
  3 iguanas
  24 orc wizards
  A howler monkey zombie (D:10)
  19 gnolls
  2 howler monkey skeletons (D:6)
  7 adders
  3 river rats (Sewer)
  A shadow imp (D:6)
  An ufetubus (D:5)
  A worm (D:2)
  2 dart slugs
  73 orcs
  9 ball pythons
  3 endoplasms
  3 giant cockroaches (D:1)
  10 goblins
  6 hobgoblins
  19 jackals
  8 kobolds
  7 quokkas
  11 bats
  7 frilled lizards
  A jackal skeleton (D:4)
  9 rats
  2 starspawn tentacles (Abyss:3)
1304 creatures vanquished.

Vanquished Creatures (others)
  Arachne (Spider:4)
  A vault warden (Vaults:3)
  A frost giant (Vaults:3)
  An emperor scorpion (Spider:4)
  A very ugly thing (Vaults:3)
  An ironbound preserver (Vaults:3)
  A deep elf demonologist (Vaults:3)
  A minotaur (Gauntlet)
  An ettin (Vaults:3)
  2 salamander tyrants (Snake:4)
  A great orb of eyes (Gauntlet)
  4 anacondas (Snake:4)
  A shock serpent (Snake:4)
  An orange crystal statue (Gauntlet)
  A lindwurm (Snake:4)
  A wolf spider (Spider:4)
  2 ugly things (Gauntlet)
  A salamander (Snake:4)
  2 moths of wrath (Spider:4)
  A torpor snail (Spider:4)
  A vault sentinel (Vaults:3)
  2 black mambas (Snake:4)
  3 guardian serpents (Snake:4)
  A demonic crawler (Spider:4)
  9 jumping spiders (Spider:4)
  2 humans (D:13)
  2 redbacks (Spider:4)
  A spatial vortex (Snake:4)
  A naga (Snake:1)
  A centaur (D:13)
  An orc (Orc:2)
  14 demonic plants (Gauntlet)
  7 foxfires (Snake:4)
  61 fungi
  154 plants
  20 starspawn tentacles
  2 withered plants (Desolation)
308 creatures vanquished.

Grand Total: 1612 creatures vanquished

Notes
Turn   | Place    | Note
-------+----------+-------------------------------------------
     0 | Abyss:1  | shoop the Palentonga Abyssal Knight began the quest for the
                  | Orb.
     0 | Abyss:1  | Reached XP level 1. HP: 19/19 MP: 2/2
    66 | Abyss:1  | Noticed a starcursed mass
    68 | Abyss:1  | Noticed a hell hound
    80 | D:1      | Escaped the Abyss
   179 | D:1      | Reached * piety under Lugonu
   186 | D:1      | Reached XP level 2. HP: 24/25 MP: 3/3
   625 | D:1      | Reached XP level 3. HP: 26/31 MP: 4/4
   732 | D:1      | Found a faded altar of an unknown god.
  1077 | D:2      | Reached ** piety under Lugonu
  1768 | D:3      | Reached XP level 4. HP: 35/37 MP: 5/5
  1999 | D:3      | Found an iron altar of Okawaru.
  2002 | D:3      | Found a radiant altar of Vehumet.
  2003 | D:3      | Found a stormy altar of Qazlal.
  2003 | D:3      | Found a blossoming altar of Fedhas.
  2009 | D:3      | Found a glowing silver altar of Zin.
  2009 | D:3      | Found a hazy altar of Hepliaklqana.
  2009 | D:3      | Found a bloodstained altar of Trog.
  2010 | D:3      | Found a sparkling altar of Nemelex Xobeh.
  2162 | D:3      | Noticed Ijyb
  2176 | D:3      | Killed Ijyb
  2499 | D:4      | Noticed a scorpion
  2615 | D:4      | Reached XP level 5. HP: 40/43 MP: 6/6
  2833 | D:4      | Noticed a black bear
  2847 | D:4      | Killed a black bear
  2848 | D:4      | Reached skill level 5 in Axes
  2848 | D:4      | Reached skill level 1 in Stealth
  2848 | D:4      | Reached skill level 1 in Evocations
  2862 | D:4      | Found a sacrificial altar of Ru.
  3087 | D:4      | Reached XP level 6. HP: 48/50 MP: 8/8
  3096 | D:4      | Found a glowing drain.
  3108 | Sewer    | Entered a sewer
  3226 | Sewer    | Reached *** piety under Lugonu
  4461 | D:5      | Entered Level 5 of the Dungeon
  4489 | D:5      | Gained mutation: You curl defensively after being hit. (AC
                  | +7*) [Palentonga growth]
  4489 | D:5      | Reached XP level 7. HP: 4/55 MP: 9/9
  6620 | D:6      | Reached skill level 1 in Shields
  7355 | D:6      | Reached XP level 8. HP: 60/62 MP: 11/11
  7622 | D:6      | Found Wohessi's Serpentskin Sales.
  7704 | D:6      | Found a staircase to the Ecumenical Temple.
  8251 | D:7      | Identified the +12 spear "Faizot" {freeze, rPois}
  8254 | D:7      | Found a flagged portal.
  8295 | D:7      | Found an ancient bone altar of Kikubaaqudgha.
  8429 | Bailey   | Entered a bailey
  8973 | Bailey   | Reached skill level 1 in Dodging
  9769 | Bailey   | Reached skill level 5 in Invocations
  9937 | Bailey   | Reached XP level 9. HP: 60/68 MP: 12/12
 11184 | Bailey   | Reached skill level 4 in Fighting
 11625 | Bailey   | Reached **** piety under Lugonu
 12957 | D:7      | Noticed a vault sentinel
 12957 | D:7      | Noticed a vault sentinel
 13107 | D:8      | Found Heogon's Antique Armour Shoppe.
 13641 | D:8      | Reached skill level 5 in Fighting
 13916 | D:8      | Identified the +0 leather armour "Titair" {Regen+}
 14501 | D:8      | Reached XP level 10. HP: 62/79 MP: 9/14
 14578 | D:8      | Found a staircase to the Lair.
 15216 | D:9      | Found a large runed translucent door.
 15216 | D:9      | Found a large runed translucent door.
 15220 | D:9      | Noticed bearlyready's ghost (novice DsAr)
 15319 | D:9      | Noticed a two-headed ogre
 15334 | D:9      | Killed a two-headed ogre
 15335 | D:9      | Reached skill level 6 in Fighting
 15335 | D:9      | Reached skill level 10 in Axes
 15502 | D:9      | Reached skill level 5 in Shields
 15713 | D:10     | Entered Level 10 of the Dungeon
 15995 | D:10     | Noticed a tengu warrior
 16217 | D:10     | Reached skill level 7 in Fighting
 16242 | D:10     | Learned a level 2 spell: Passwall
 16663 | D:11     | Reached XP level 11. HP: 73/89 MP: 16/16
 16704 | D:11     | Noticed a two-headed ogre
 16856 | Lair:1   | Entered Level 1 of the Lair of Beasts
 17015 | Lair:1   | Reached skill level 1 in Spellcasting
 17015 | Lair:1   | Reached skill level 1 in Transmutations
 17028 | Lair:1   | Reached skill level 1 in Earth Magic
 17159 | Lair:1   | Reached ***** piety under Lugonu
 18155 | Lair:2   | Reached skill level 8 in Fighting
 19171 | Lair:3   | Found a staircase to the Snake Pit.
 19177 | Lair:3   | Reached XP level 12. HP: 92/100 MP: 12/17
 19367 | Lair:3   | Reached skill level 5 in Armour
 19849 | Lair:3   | Reached skill level 9 in Fighting
 20242 | Lair:4   | Noticed a five-headed hydra
 20359 | Lair:4   | Found a gate leading to a gauntlet.
 20421 | Lair:4   | Found a hole to the Spider Nest.
 20621 | Gauntlet | Entered a Gauntlet
 20621 | Gauntlet | Found a transporter.
 20634 | Gauntlet | Found a transporter.
 20648 | Gauntlet | Found a transporter.
 20654 | Gauntlet | Noticed a great orb of eyes
 20656 | Gauntlet | Found a transporter.
 20676 | Gauntlet | Found a transporter.
 20691 | Gauntlet | Found a transporter.
 20711 | Gauntlet | Found a transporter.
 20711 | Gauntlet | Noticed a great orb of eyes
 20716 | Gauntlet | Found a transporter.
 20731 | Gauntlet | Found a transporter.
 20736 | Gauntlet | Found a transporter.
 20740 | Gauntlet | Found a transporter.
 20761 | Gauntlet | Found a transporter.
 20766 | Gauntlet | Found a transporter.
 20768 | Gauntlet | Found a transporter.
 20789 | Gauntlet | Found a transporter.
 20818 | Gauntlet | Found a transporter.
 20835 | Gauntlet | Found a transporter.
 20897 | Gauntlet | Found a transporter.
 21176 | Gauntlet | Noticed a minotaur
 21229 | Gauntlet | Corrupted Gauntlet
 21229 | Gauntlet | Noticed a tentacled starspawn
 21229 | Gauntlet | Noticed a starcursed mass
 21229 | Gauntlet | Noticed a tentacled starspawn
 21229 | Gauntlet | Noticed a tentacled starspawn
 21236 | Gauntlet | Killed a minotaur
 21237 | Gauntlet | Noticed a profane servitor
 21248 | Gauntlet | Killed a great orb of eyes
 21419 | Gauntlet | Identified the amulet "Xexzurag" {Regen+ Dex+2 SInv}
 21646 | Gauntlet | Identified the +1 pair of boots of Netizeli {Str+2}
 22066 | Gauntlet | Noticed an anaconda
 22066 | Gauntlet | a water nymph changed into an anaconda
 22122 | Gauntlet | Killed an anaconda
 22123 | Gauntlet | Reached skill level 10 in Invocations
 22143 | Gauntlet | Identified the amulet "Lifraf" {Acrobat Int+2}
 22793 | Lair:5   | Noticed a seven-headed hydra
 22819 | Lair:5   | Reached XP level 13. HP: 106/108 MP: 22/22
 23629 | Lair:6   | Entered Level 6 of the Lair of Beasts
 24372 | Lair:6   | Reached skill level 15 in Axes
 24599 | Lair:6   | Reached XP level 14. HP: 115/115 MP: 23/23
 24858 | Lair:6   | Identified the +8 scythe of Hell's Wrath {freeze, rF+ rC+}
 24971 | Lair:6   | Got Uchauwil's Disquisition on Fetching Contamination
 24977 | Lair:6   | Reached ****** piety under Lugonu
 25186 | Lair:6   | Identified a scroll of acquirement
 25867 | D:9      | Killed bearlyready's ghost
 26557 | D:11     | Found a staircase to the Orcish Mines.
 26570 | Orc:1    | Entered Level 1 of the Orcish Mines
 26570 | Orc:1    | You fall into a shaft and drop 1 floor!
 26570 | Orc:2    | Entered Level 2 of the Orcish Mines
 26570 | Orc:2    | Noticed an orc warlord
 26591 | Orc:1    | Noticed Jorgrun
 26621 | Orc:1    | Killed Jorgrun
 26625 | Orc:1    | Noticed Nergalle
 26793 | Orc:1    | Killed Nergalle
 26879 | Orc:1    | Noticed Harold
 27016 | Orc:1    | Killed Harold
 27082 | Orc:2    | Paralysed by an orc sorcerer for 7 turns
 27143 | Orc:1    | Found an iron altar of Okawaru.
 27284 | Orc:1    | Noticed Erica
 27307 | Orc:1    | Killed Erica
 27490 | Orc:2    | Found a staircase to the Elven Halls.
 27502 | Orc:2    | Noticed an orc warlord
 27999 | Orc:2    | Found Ycyarix's Antique Weapon Boutique.
 28059 | Orc:2    | Found Jerhariu's General Store.
 28103 | Orc:2    | Bought a potion of mutation for 136 gold pieces
 28180 | Orc:2    | Paralysed by an orc sorcerer for 5 turns
 28397 | Orc:2    | Found Raoff's Antique Armour Boutique.
 28729 | Orc:2    | Noticed Urug
 28741 | Orc:2    | Killed Urug
 28827 | Orc:2    | Reached skill level 10 in Fighting
 28915 | Orc:2    | Found Idicw's Book Boutique.
 29346 | Orc:2    | Acquired a +2 barding of flying
 29398 | Orc:2    | Bought Great Wizards, Vol. VII for 420 gold pieces
 29404 | Orc:2    | Learned a level 5 spell: Yara's Violent Unravelling
 29708 | D:12     | Reached skill level 5 in Dodging
 29708 | D:12     | Reached skill level 1 in Hexes
 30122 | D:12     | You are sucked into a shaft and drop 3 floors!
 30122 | D:15     | Entered Level 15 of the Dungeon
 30202 | D:15     | Found Jitygap's Distillery.
 30225 | D:15     | Reached XP level 15. HP: 118/123 MP: 24/24
 30229 | D:15     | Bought a potion of degeneration for 13 gold pieces
 30229 | D:15     | Bought a potion of curing for 39 gold pieces
 30325 | D:15     | Found Tanoecut's Firing Range.
 30834 | D:13     | Noticed Kirke
 30856 | D:13     | Killed Kirke
 32140 | D:14     | Found a gate to the Vaults.
 32320 | D:14     | Reached skill level 5 in Hexes
 32379 | D:14     | Reached skill level 5 in Transmutations
 32968 | D:15     | Found Mylucrodgh's Book Emporium.
 33757 | D:15     | Found a staircase to the Depths.
 33786 | D:15     | HP: 4/123 [white very ugly thing (47)]
 34330 | Snake:1  | Entered Level 1 of the Snake Pit
 34872 | Snake:2  | Found Edwyba's Jewellery Boutique.
 35084 | Snake:2  | Reached XP level 16. HP: 67/130 MP: 16/25
 35192 | Snake:2  | Reached skill level 5 in Spellcasting
 35276 | Snake:2  | Identified a +5 broad axe of distortion (a +3 broad axe
                  | corrupted by Lugonu)
 35276 | Snake:2  | Received a gift from Lugonu
 35420 | Snake:2  | Found a runed translucent gate.
 35421 | Snake:2  | Found a runed translucent gate.
 35421 | Snake:2  | Found an opulent altar of Gozag.
 35421 | Snake:2  | Found a runed translucent gate.
 35421 | Snake:2  | Noticed oldriver's ghost (adept DECj)
 36020 | Snake:3  | Found Losoott's Magic Scroll Shop.
 36058 | Snake:3  | Found Coteufro's Assorted Antiques.
 36137 | Snake:3  | Bought a scroll of enchant weapon for 105 gold pieces
 36248 | Spider:1 | Entered Level 1 of the Spider Nest
 36251 | Spider:1 | Found a frozen archway.
 36363 | IceCv    | Entered an ice cave
 38139 | IceCv    | Reached skill level 11 in Fighting
 38309 | IceCv    | Identified the +5 broad axe "Vyoxtoqa" {vorpal, rF+++
                  | Will++ Int-3 Stlth+}
 38312 | IceCv    | Got the Papyrus of Snow
 38710 | Spider:1 | Noticed Louise
 38786 | Spider:1 | Found the +7 Singing Sword {vorpal, sonic wave}
 39072 | Spider:1 | Reached skill level 12 in Fighting
 39348 | Spider:1 | Banished Louise
 40067 | Spider:2 | Reached skill level 13 in Fighting
 40288 | Spider:3 | Noticed Aizul
 40418 | Spider:3 | Killed Aizul
 40608 | Spider:2 | Reached XP level 17. HP: 132/147 MP: 26/26
 40818 | Spider:3 | Reached skill level 14 in Fighting
 40870 | Spider:3 | Noticed Donald
 41068 | Spider:3 | Killed Donald
 41586 | Spider:4 | Entered Level 4 of the Spider Nest
 42129 | Spider:4 | Reached skill level 15 in Fighting
 42146 | Spider:4 | Noticed Arachne
 42174 | Spider:3 | Learned a level 4 spell: Passage of Golubria
 42327 | Spider:4 | Reached skill level 1 in Translocations
 43221 | Spider:4 | Reached skill level 5 in Translocations
 43252 | Spider:4 | Corrupted Spider:4
 43252 | Spider:4 | Noticed a quicksilver dragon
 43259 | Spider:4 | Killed Arachne
 43305 | Spider:4 | Got a gossamer rune of Zot
 43733 | Snake:3  | Identified the +1 ring mail "Calirph" {Int+3 Dex-5 SInv}
 44535 | Snake:4  | Entered Level 4 of the Snake Pit
 46070 | Snake:4  | Reached XP level 18. HP: 54/159 MP: 2/27
 46550 | Snake:4  | Corrupted Snake:4
 47707 | Snake:4  | Got a serpentine rune of Zot
 48157 | Depths:1 | Entered Level 1 of the Depths
 48254 | Vaults:1 | Entered Level 1 of the Vaults
 48735 | Vaults:1 | Reached skill level 16 in Fighting
 49464 | Vaults:1 | Reached skill level 5 in Evocations
 49742 | Vaults:1 | Learned a level 5 spell: Manifold Assault
 50170 | Vaults:2 | Found Egrer's Antique Weapon Emporium.
 50244 | Vaults:2 | Found Xauskap's Distillery.
 50636 | Vaults:2 | Found Oryc's Distillery.
 51548 | Vaults:2 | Cast into level 2 of the Abyss (a wizard)
 51802 | Abyss:3  | Noticed a hellephant
 51808 | Abyss:3  | Banished a hellephant
 52295 | Abyss:3  | Gained mutation: You are clumsy. (Dex -2) [a neqoxec]
 52310 | Abyss:3  | Reached XP level 19. HP: 65/152 MP: 28/31
 52316 | Vaults:2 | Escaped the Abyss
 52320 | Vaults:2 | HP: 3/152 [ironbound frostheart/creeping frost (12)]
 53402 | Vaults:2 | Found Lapustreu's General Store.
 53483 | Vaults:2 | Found Fumum's Antique Weapon Shoppe.
 53535 | Vaults:3 | Found Yzain's Book Emporium.
 53562 | Vaults:3 | Found a white marble altar of Elyvilon.
 53563 | Vaults:3 | Found a glowing silver altar of Zin.
 53565 | Vaults:3 | Found a glowing golden altar of the Shining One.
 53740 | Vaults:3 | Found a crumbling gateway.
 54005 | Desolati | Entered the Desolation of Salt
 54187 | Desolati | Identified the +2 long sword "Dofakave" {vorpal, Will-
                  | rCorr Int-3 SInv}
 54315 | Desolati | Identified the ring "Fuloaw" {rF++ Slay+4}
 54581 | Desolati | Identified the +2 ring mail "Hipparhe" {rElec rN+ Int-4
                  | Dex+3}
 55180 | Desolati | Reached skill level 17 in Fighting
 55260 | Desolati | Got Hehokeh's Incunabulum of Arcane Weapons
 55499 | Desolati | Reached skill level 10 in Spellcasting
 55573 | Desolati | Got the Disquisition on Fetching Fire
 55714 | Desolati | Identified the ring "Silygge" {Wiz rElec rC+ Dex+4}
 55909 | Desolati | Reached skill level 10 in Dodging
 56777 | Desolati | Identified the +1 chain mail of the Chupacabra {rN+ MP+9
                  | Stlth+}
 56927 | Vaults:3 | HP: 8/174 [orc warlord (19)]
 57355 | Vaults:3 | Reached skill level 18 in Fighting
 57549 | Vaults:3 | Learned a level 6 spell: Dispersal
 57867 | Vaults:3 | Found a huge runed gate.
 57867 | Vaults:3 | Found a huge runed gate.
 57867 | Vaults:3 | Found a huge runed gate.
 57867 | Vaults:3 | Found a huge runed gate.
 57868 | Vaults:3 | Found a huge runed gate.
 57868 | Vaults:3 | Found a huge runed gate.
 57868 | Vaults:3 | Found a huge runed gate.
 57868 | Vaults:3 | Found a huge runed gate.
 57892 | Vaults:3 | Reached XP level 20. HP: 122/181 MP: 34/34
 58044 | Vaults:3 | Found a huge runed gate.
 58050 | Vaults:3 | Found a huge runed gate.
 58050 | Vaults:3 | Found a huge runed gate.
 58050 | Vaults:3 | Found a huge runed gate.
 58050 | Vaults:3 | Found a huge runed gate.
 58050 | Vaults:3 | Found a huge runed gate.
 58051 | Vaults:3 | Found a huge runed gate.
 58052 | Vaults:3 | Found a huge runed gate.
 58053 | Vaults:3 | Found a huge runed gate.
 58054 | Vaults:3 | Found a huge runed gate.
 58062 | Vaults:3 | Found a huge runed gate.
 58062 | Vaults:3 | Found a huge runed gate.
 58062 | Vaults:3 | Found a huge runed gate.
 58062 | Vaults:3 | Found a huge runed gate.
 58062 | Vaults:3 | Found a huge runed gate.
 58062 | Vaults:3 | Found a huge runed gate.
 58063 | Vaults:3 | Found Byveris's Antique Weapon Shop.
 58063 | Vaults:3 | Found a huge runed gate.
 58064 | Vaults:3 | Found a huge runed gate.
 58066 | Vaults:3 | Found Esoutwam's Assorted Antiques.
 58088 | Vaults:3 | Reached skill level 10 in Translocations
 58170 | Vaults:3 | Found Foidghoty's Jewellery Emporium.
 58903 | Vaults:3 | Identified the +2 ring mail of Cahyaj {rPois Regen+ MP-9
                  | Int+2}
 58926 | Vaults:3 | Found Acouzyl's Antique Armour Emporium.
 58948 | Vaults:3 | Bought a glowing hat for 301 gold pieces
 59063 | Vaults:3 | Found a staircase to the Crypt.
 59063 | Vaults:3 | Found a basalt altar of Yredelemnul.
 59063 | Vaults:3 | Found an ancient bone altar of Kikubaaqudgha.
 59070 | Crypt:1  | Entered Level 1 of the Crypt
 59398 | Vaults:3 | Found a huge runed gate.
 59406 | Vaults:3 | Found a huge runed gate.
 59406 | Vaults:3 | Found a huge runed gate.
 59406 | Vaults:3 | Found a huge runed gate.
 59406 | Vaults:3 | Found a huge runed gate.
 59406 | Vaults:3 | Found a huge runed gate.
 59406 | Vaults:3 | Found a huge runed gate.
 59407 | Vaults:3 | Found a huge runed gate.
 59408 | Vaults:3 | Found a huge runed gate.
 59409 | Vaults:3 | Found a huge runed gate.
 59831 | Vaults:3 | Noticed a golden dragon
 59834 | Vaults:3 | Corrupted Vaults:3
 59847 | Vaults:3 | HP: 1/181 [constriction (9)]
 59847 | Vaults:3 | Demolished by a vault warden

Illustrated notes

Levels and vault maps discovered:
D:1:      dpeg_arrival_lava_altar, layout_rooms,
          hellmonk_ecumenical_altar_crossroads
D:2:      layout_rooms, grunt_decor_clamped, minmay_misc_feat_doors,
          grunt_ministairs_1
D:3:      layout_loops_ring, grunt_temple_overflow_open,
          chequers_serial_rivers_micro_d, grunt_decor_fettered, uniq_ijyb
D:4:      layout_cave_pods, mainiacjoe_overflow_chevrons, portal_sewer_entry_d
D:5:      layout_basic
D:6:      layout_layer_cave, minmay_temple_entry_glassed_door,
          grunt_ministairs_1, guppyfry_shop_venom
D:7:      layout_loops_ring, kiku_gazebo_garden_becter, enter_bailey_2,
          hellmonk_guarded_unrand_gong
D:8:      layout_layer_cave, erik_lair_dragon, serial_shops,
          kennysheep_little_box, grunt_ministairs_8
D:9:      layout_irregular_city, ebering_ghost_disaster_area
D:10:     layout_gridville
D:11:     layout_roguey, david_orc_4
D:12:     layout_irregular_city
D:13:     layout_gridville, uniq_kirke
D:14:     layout_loops_corners, skrybe_vaults_entry_preservation,
          minmay_misc_feat_nine_boxes
D:15:     gammafunk_enter_depths_forms, layout_stronghold, serial_shops, shop,
          shop, grunt_decor_arrowhead, nicolae_shop_firing_range
Lair:1:   layout_big_grid, st_stairs_11
Lair:2:   layout_concentric_octagons, grunt_megastairs_4
Lair:3:   layout_long_grid, minmay_snake_entry_six_corridors
Lair:4:   layout_roguey, spider_nest_entry_webs, gauntlet_entry_generic,
          serial_bayou_crossing
Lair:5:   layout_regular_city, grunt_megastairs_1, serial_bayou_shore_a
Lair:6:   minmay_lair_end_frog_pond, layout_regular_city,
          minmay_slime_entry_oklob_enclosed, grunt_megastairs_3
Snake:1:  layout_basic, drop_trap
Snake:2:  layout_gridlike, ebering_ghost_gozag, serial_shops,
          nicolae_stop_n_shop_2, grunt_megastairs_5
Snake:3:  cheibrodos_snake_ritualist_ritual, layout_rooms, grunt_megastairs_2,
          minmay_shoptagon
Snake:4:  snake_pit_salamanders_mu, layout_misc_corridors
Spider:1: layout_chambers, portal_ice_cave_entry_ice_statue_two,
          nicolae_spider_eight_legs, uniq_louise
Spider:2: layout_spider_delve, hangedman_spider_tarantella_strand
Spider:3: layout_spider_delve, uniq_aizul, uniq_donald
Spider:4: johnstein_spider_rune_arachne_lair
Orc:1:    layout_diamond_mine, basic_altar, roderic_batcave,
          okawaru_metal_pillars_1_2, uniq_nergalle, uniq_erica, uniq_jorgrun,
          uniq_harold
Orc:2:    grunt_orc_gardens, layout_diamond_mine, grunt_orc_garden,
          grunt_orc_garden, grunt_orc_garden, grunt_orc_garden, mines1_david,
          uniq_urug
Vaults:1: vaults_room_large_hall, ontoclasm_vaults_ligature,
          vaults_room_grunt_arrival_checkpoint, v_pattern_3,
          hangedman_vaults_trim, nicolae_vaults_circle_grid_b,
          vaults_room_grunt_arrival_ludios, nicolae_vaults_mini_display_case,
          layout_vaults_omnigrid
Vaults:2: nicolae_vaults_circle_grid_a, v_alt_pattern_1,
          hangedman_vaults_stream, nicolae_vaults_little_squares_1,
          hangedman_vaults_impose, ontoclasm_vaults_ring_square,
          hangedman_vaults_stitches, nicolae_vaults_know_your_exits,
          nicolae_vaults_network_square, dpeg_vaults_monster_box,
          vaults_room_ringed_pool, ontoclasm_vaults_shuriken,
          layout_vaults_ring, serial_shops, shop, nicolae_shop_behind_doors,
          shop, shop_statue, nicolae_shop_hallway_stairs
Vaults:3: portal_desolation_entry_holy_temple, ontoclasm_vaults_eye,
          vaults_room_door_ring, v_misc_17, ontoclasm_vaults_twist,
          nicolae_vaults_puzzle_piece, nicolae_vaults_little_squares_1,
          v_misc_14, v_misc_26, minmay_crypt_entry_necro_gods,
          hangedman_vaults_trim, ontoclasm_vaults_ring_large,
          hangedman_vaults_locks, door_vault, hangedman_vaults_maws,
          nicolae_vaults_asterisk, layout_vaults_maze_bifur, serial_shops, shop,
          nicolae_lakefront_shop, nicolae_shop_stone, nicolae_diamond_shop, shop
Crypt:1:  layout_regular_city, evilmike_ambush [evilmike_ambush_outer_corners,
          evilmike_ambush_inner_basic], uniq_mennas, uniq_khufu
Depths:1: layout_basic, lightli_too_deep, solitary_fountain, minmay_misc_feat_x,
          sword_in_stone

Skill      XL: |  1  2  3  4  5  6  7  8  9 10 11 12 13 14 15 16 17 18 19 20 |
---------------+-------------------------------------------------------------+-----
Axes           | 3 4 5 6 7 8 9 10 11 15 17 | 17.9
Stealth        | 1 2 3 |  3.1
Invocations    | 3 4 5 6 7 12 13 | 13.0
Evocations     | 1 2 3 7 |  7.0
Shields        | 1 3 6 9 |  9.7
Dodging        | 1 3 4 5 8 10 | 10.0
Armour         | 2 4 5 |  5.3
Fighting       | 5 7 8 9 10 13 15 16 18 | 18.0
Spellcasting   | 2 4 6 8 10 | 10.0
Transmutations | 2 7 9 |  9.0
Earth Magic    | 2 3 |  3.0
Hexes          | 1 7 8 |  8.9
Translocations | 9 12 | 12.2
Polearms       | |  0.1

Action                   |  1- 3 |  4- 6 |  7- 9 | 10-12 | 13-15 | 16-18 | 19-21 || total
-------------------------+-------+-------+-------+-------+-------+-------+-------++-------
Melee: Hand axe          |   119 |   177 |   153 |       |       |       |       ||   449
       Tailslap          |     7 |    29 |    38 |    98 |   315 |   318 |   119 ||   924
       Spear             |       |       |   215 |   690 |  1924 |    60 |       ||  2889
       Unarmed           |       |       |       |       |    16 |       |       ||    16
       Broad axe         |       |       |       |       |       |  1400 |   625 ||  2025
 Cast: Passwall          |       |       |       |       |     3 |     5 |       ||     8
       Yara's Violent Un |       |       |       |       |       |    33 |     6 ||    39
       Manifold Assault  |       |       |       |       |       |     2 |       ||     2
Invok: Depart the Abyss  |     1 |       |       |       |       |       |       ||     1
       Bend Space        |       |     1 |       |     4 |     7 |     3 |     1 ||    16
       Banish            |       |       |     3 |     6 |     4 |     8 |     1 ||    22
       Corrupt           |       |       |       |     1 |       |     2 |     1 ||     4
       Brand Weapon With |       |       |       |       |       |     1 |       ||     1
 Abil: Rolling Charge    |     1 |     6 |    16 |     4 |    11 |   133 |    38 ||   209
Evoke: Wand              |       |     1 |       |     4 |     8 |       |       ||    13
       Piece from Xom's  |       |       |       |       |     4 |       |       ||     4
       Phial of floods   |       |       |       |       |     1 |       |       ||     1
       Condenser vane    |       |       |       |       |       |     1 |     2 ||     3
       Tin of tremorston |       |       |       |       |       |       |     1 ||     1
  Use: Scroll            |       |     1 |     1 |    14 |     2 |    18 |     1 ||    37
       Potion            |       |       |       |     2 |     1 |     3 |     6 ||    12
 Stab: Sleeping          |       |     1 |     3 |     4 |    16 |     8 |    11 ||    43
       Distracted        |       |       |     1 |       |     7 |     3 |     3 ||    14
       Paralysed         |       |       |       |     4 |       |       |       ||     4
       Confused          |       |       |       |       |       |       |     4 ||     4
Armor: Leather armour    |    46 |    62 |    99 |   123 |   338 |   469 |   195 ||  1332
       Steam dragon scal |       |       |     8 |       |       |       |       ||     8
       Ice dragon scales |       |       |       |       |       |    50 |       ||    50
Dodge: Dodged            |    59 |    82 |   125 |   162 |   357 |   474 |   203 ||  1462
Block: Kite shield       |       |       |   101 |   251 |   533 |   621 |   197 ||  1703

Table legend: (Time is in decaauts)
 A = Elapsed time spent in this place.
 B = Non-inter-level travel time spent in this place.
 C = Inter-level travel time spent in this place.
 D = Time resting spent in this place.
 E = Time spent auto-exploring this place.
 F = Levels seen in this place.
 G = Mean time per level.
                   A        B        C        D        E       F      G
               +--------+--------+--------+--------+--------+-----+--------+
         Total |  58906 |  55269 |   3637 |  10425 |  29330 |  44 | 1338.8 |
       Dungeon |  17536 |  15929 |   1607 |   1082 |  11339 |  15 | 1169.1 |
          Lair |   7203 |   6253 |    950 |    348 |   3699 |   6 | 1200.5 |
     Snake Pit |   6088 |   5804 |    284 |   1427 |   2881 |   4 | 1522.0 |
   Spider Nest |   5021 |   4641 |    380 |   1212 |   1583 |   4 | 1255.2 |
  Orcish Mines |   2720 |   2436 |    284 |    416 |   1122 |   2 | 1360.0 |
        Vaults |   7819 |   7690 |    129 |   1641 |   4911 |   3 | 2606.3 |
         Crypt |      3 |      3 |      0 |      0 |      0 |   1 |    3.0 |
        Depths |      1 |      1 |      0 |      0 |      0 |   1 |    1.0 |
         Abyss |    810 |    810 |      0 |    193 |    205 |   3 |  270.0 |
         Sewer |   1217 |   1217 |      0 |     69 |    931 |   1 | 1217.0 |
        Bailey |   4109 |   4109 |      0 |   2719 |    627 |   1 | 4109.0 |
      Ice Cave |   2059 |   2059 |      0 |    566 |   1099 |   1 | 2059.0 |
    Desolation |   2774 |   2774 |      0 |    650 |    923 |   1 | 2774.0 |
      Gauntlet |   1540 |   1540 |      0 |     97 |      9 |   1 | 1540.0 |
               +--------+--------+--------+--------+--------+-----+--------+

Top non-repeatable levels by time:
  Bailey: 4109 daAuts
Vaults:2: 2979 daAuts
Vaults:3: 2904 daAuts
Desolation: 2774 daAuts
     D:8: 2276 daAuts
 Snake:4: 2226 daAuts
 Snake:3: 2150 daAuts
   IceCv: 2059 daAuts
Vaults:1: 1934 daAuts
     D:6: 1746 daAuts
    D:15: 1610 daAuts
     D:5: 1604 daAuts
  Lair:5: 1602 daAuts
Spider:3: 1568 daAuts
Gauntlet: 1540 daAuts
